 Dungeon Crawl Stone Soup version 0.19.4-8-ga85b6b9 (console) character file.

1757 lanroth the Vandal (level 9, -1/66 HPs)
             Began as a Human Gladiator on Feb 14, 2017.
             Killed from afar by Xiguana's ghost (27 damage)
             ... with a bolt of negative energy
             ... on level 6 of the Dungeon.
             The game lasted 00:51:56 (6577 turns).

lanroth the Vandal (Human Gladiator)                Turns: 6577, Time: 00:51:56

Health: -1/66      AC: 16    Str: 15    XL:     9   Next: 27%
Magic:  9/9        EV:  5    Int: 20    God:
Gold:   417        SH:  0    Dex: 16    Spells: 0 memorised, 8 levels left

rFire  . . .     SeeInvis .     b - +10 hunting sling {freeze, MR+ Int+8}
rCold  . . .     Gourm    .     H - +0 plate armour
rNeg   . . .     Faith    .     (no shield)
rPois  .         Spirit   .     c - +2 helmet
rElec  .         Reflect  .     F - +1 cloak
rCorr  .         Harm     .     (no gloves)
MR     +....                    (no boots)
Stlth  ..........               D - amulet of regeneration
                                (no ring)
                                q - ring of wizardry

@: heavily drained
A: blurry vision 1, clever 1, wild magic 1
a: no special abilities


You were on level 6 of the Dungeon.
You were not hungry.

You visited 1 branch of the dungeon, and saw 6 of its levels.

You collected 417 gold pieces.

Inventory:

Hand Weapons
 a - a +2 scythe of freezing
 b - the +10 hunting sling of the Nexus (weapon) {freeze, MR+ Int+8}
   (You found it on level 4 of the Dungeon)

   It causes projectiles fired from it to freeze those they strike, causing
   extra injury to most foes and up to half again as much damage against
   particularly susceptible opponents.
   They can also slow down cold-blooded creatures.
   It affects your intelligence (+8).
   It affects your resistance to hostile enchantments.
 z - a +0 dire flail of protection
 C - a +0 falchion
 G - a +0 rapier
 I - a +0 scimitar
 K - a +3 dagger of holy wrath
 W - a +0 halberd
 X - a +0 blowgun
 Y - a +3 whip
Missiles
 d - 3 throwing nets
 i - 144 stones (quivered)
 s - 28 poisoned needles
 v - 33 sling bullets
 w - 74 arrows
 Z - 5 tomahawks
Armour
 c - a +2 helmet (worn)
 g - a +0 ring mail
 l - a cursed +0 chain mail
 p - a +0 ring mail
 r - a +0 chain mail
 t - a +0 cloak
 A - a +0 robe
 B - a +2 scale mail of cold resistance
 E - a +0 leather armour
 F - a +1 cloak (worn)
 H - a +0 plate armour (worn)
 J - a +0 ring mail
 L - a +0 robe
 M - a +0 ring mail
 N - a +1 ring mail of fire resistance
 V - a +0 ring mail
Jewellery
 q - a ring of wizardry (left hand)
 D - an amulet of regeneration (around neck)
Wands
 y - a wand of random effects (24/48)
Scrolls
 e - 4 scrolls of teleportation
 j - 2 scrolls of identify
 m - 3 scrolls of immolation
 S - a scroll of remove curse
Potions
 n - a potion of heal wounds
 u - 2 potions of curing
 O - a potion of mutation
Books
 k - a book of Misfortune

   Spells                             Type                      Level
   a - Confusing Touch                Hexes                        1
   b - Confuse                        Hexes                        3
   c - Gell's Gravitas                Hexes/Translocation          3
   d - Petrify                        Transmutation/Earth          4
   e - Metabolic Englaciation         Hexes/Ice                    5
   f - Yara's Violent Unravelling     Hexes/Transmutation          5
 x - a book of Air

   Spells                             Type                      Level
   a - Shock                          Conjuration/Air              1
   b - Swiftness                      Charms/Air                   2
   c - Repel Missiles                 Charms/Air                   2
   d - Static Discharge               Conjuration/Air              3
   e - Lightning Bolt                 Conjuration/Air              5
Comestibles
 f - 3 bread rations
 h - 2 fruits
 o - 5 meat rations


   Skills:
 + Level 4.4(2.8) Fighting
   Level 5.7(4.2) Axes
 + Level 2.1(2.5) Polearms
 + Level 6.6(5.2) Slings
 + Level 3.0(3.5) Throwing
 + Level 4.2(2.5) Armour
 + Level 4.0(2.3) Dodging
 + Level 1.0(0.0) Stealth


You had 8 spell levels left.
You didn't know any spells.

Dungeon Overview and Level Annotations

Branches:
Dungeon (6/15)
 Temple: D:4-7

Altars:
Nemelex Xobeh

Shops:
D:4 (   D:5 (

Annotations:
D:6 Xiguana's ghost, novice DrCK


Innate Abilities, Weirdness & Mutations

Scrolls take you a little longer to read.
Your mind is acute. (Int +2)
Your spells are a little harder to cast, but a little more powerful.


Message History

Press: ? - help, Shift-Dir - straight line, f/p - Xiguana's ghost
Aim: Xiguana's ghost (heavily damaged)
You shoot a stone.
The stone hits Xiguana's ghost but does no damage.
Xiguana's ghost is heavily damaged.
Xiguana's ghost barely misses you.
Firing (i - inventory. (,) - cycle):
i - 146 stones (quivered)
Press: ? - help, Shift-Dir - straight line, f/p - Xiguana's ghost
Aim: Xiguana's ghost (heavily damaged)
You shoot a stone. The stone hits Xiguana's ghost.
The stone freezes Xiguana's ghost.
Xiguana's ghost is severely damaged.
Xiguana's ghost hits you but does no damage.
Firing (i - inventory. (,) - cycle):
i - 145 stones (quivered)
Press: ? - help, Shift-Dir - straight line, f/p - Xiguana's ghost
Aim: Xiguana's ghost (severely damaged)
You shoot a stone. The stone hits Xiguana's ghost!
The stone freezes Xiguana's ghost.
Xiguana's ghost is severely damaged.
Xiguana's ghost breathes negative energy at you.
The bolt of negative energy hits you!
You feel drained.
You die...

### #<# #.# #.# #.# #.# #.# #.#
........ #.# .......# #.#
####.....######### #.#
.................# #.#
.........#######.#######.#
.........+...............#
.........#######.#########
#....<.........# ....>..
#......######### #.....# .#+#
#......###### #.....# #.#.###...
#...........# ..####.....#
..........##...........# ...........#
#.........##...........# (...
#.........###.........##....#'######
....###.....................##....#'##
(...........................##.......#
(....................................#
....(................................#
.....(.......(.......................#
......(......#W@.....................#
.............########................#
.......####### #................#
..<..## ################## ####


You could see Xiguana's ghost.

Vanquished Creatures
  Sigmund (D:3)
  Edmund (D:5)
  Menkaure (D:5)
  Duvessa (D:5)
  A phantom (D:6)
  7 big kobolds (D:5)
  A scorpion (D:5)
  Dowan (D:5)
  A jelly (D:5)
  2 hounds
  A bullfrog skeleton (D:3)
  An orc wizard (D:4)
  An iguana (D:4)
  2 worker ants (D:4)
  Natasha (thrice) (D:2)
  4 gnolls (D:5)
  A howler monkey skeleton (D:5)
  9 adders
  2 oozes
  7 worms
  3 dart slugs
  5 leopard geckos
  5 orcs
  3 ball pythons
  6 goblins
  8 hobgoblins
  9 jackals
  3 quokkas
  4 bats
  10 frilled lizards
  45 kobolds
  10 rats
159 creatures vanquished.

Notes
Turn   | Place    | Note
-------+----------+-------------------------------------------
     0 | D:1      | lanroth the Human Gladiator began the quest for the Orb.
     0 | D:1      | Reached XP level 1. HP: 16/16 MP: 1/1
    55 | D:1      | Reached XP level 2. HP: 17/22 MP: 2/2
   351 | D:1      | Reached XP level 3. HP: 25/27 MP: 3/3
  1140 | D:2      | Noticed Natasha
  1163 | D:2      | Killed Natasha
  1163 | D:2      | Reached XP level 4. HP: 5/34 MP: 4/4
  1700 | D:2      | You fall through a shaft!
  1741 | D:3      | Reached skill level 1 in Armour
  1741 | D:3      | Reached XP level 5. HP: 32/39 MP: 5/5
  1891 | D:3      | Found a faded altar of an unknown god.
  2497 | D:2      | Noticed Natasha
  2507 | D:2      | Killed Natasha
  2507 | D:2      | Reached XP level 6. HP: 39/46 MP: 6/6
  2521 | D:2      | Noticed Natasha
  2531 | D:2      | Killed Natasha
  3036 | D:2      | Reached skill level 5 in Axes
  3569 | D:3      | Noticed Sigmund
  3590 | D:3      | Killed Sigmund
  3590 | D:3      | Reached XP level 7. HP: 17/51 MP: 7/7
  3805 | D:4      | Found Durreumn's Antique Weapon Shop.
  3822 | D:4      | Got a bloodstained hunting sling
  3827 | D:4      | Identified the +10 hunting sling of the Nexus {freeze, MR+ Int+8} (You found it on level 4 of the Dungeon)
  4681 | D:4      | Learned a level 1 spell: Shock
  4763 | D:4      | Reached skill level 1 in Polearms
  4763 | D:4      | Reached skill level 1 in Slings
  4782 | D:5      | Entered Level 5 of the Dungeon
  4883 | D:5      | Noticed Edmund
  4907 | D:5      | Killed Edmund
  5071 | D:5      | Noticed Dowan
  5075 | D:5      | Noticed Duvessa
  5077 | D:5      | Killed Dowan
  5077 | D:5      | Reached skill level 2 in Slings
  5077 | D:5      | Reached XP level 8. HP: 49/58 MP: 8/8
  5094 | D:5      | Killed Duvessa
  5359 | D:5      | Noticed Menkaure
  5362 | D:5      | Killed Menkaure
  5362 | D:5      | Reached skill level 3 in Slings
  5580 | D:5      | Found a sparkling altar of Nemelex Xobeh.
  5752 | D:5      | Found Tiecris's Antique Weapon Boutique.
  5883 | D:5      | Reached skill level 4 in Slings
  5989 | D:5      | Reached skill level 5 in Slings
  6025 | D:5      | Reached skill level 1 in Stealth
  6025 | D:5      | Reached XP level 9. HP: 61/65 MP: 9/9
  6160 | D:5      | Reached skill level 6 in Slings
  6418 | D:6      | Gained mutation: Your spells are a little harder to cast, but a little more powerful. [potion of mutation]
  6418 | D:6      | Gained mutation: Your mind is acute. (Int +2) [potion of mutation]
  6418 | D:6      | Gained mutation: Scrolls take you a little longer to read. [potion of mutation]
  6548 | D:6      | Noticed Xiguana's ghost (novice DrCK)
  6577 | D:6      | Killed from afar by Xiguana's ghost

Skill      XL: |  1  2  3  4  5  6  7  8  9 |
---------------+----------------------------+-----
Axes           | 4 5 |  5.7
Throwing       | 3 |  3.0
Armour         | 1 2 3 4 |  4.2
Fighting       | 3 4 |  4.4
Dodging        | 4 |  4.0
Polearms       | 1 2 |  2.1
Slings         | 2 5 6 |  6.6
Stealth        | 1 |  1.0

Action                   |  1- 3 |  4- 6 |  7- 9 || total
-------------------------+-------+-------+-------++-------
Melee: War axe           |    81 |   211 |       ||   292
       Scythe            |       |       |    37 ||    37
 Fire: Hunting sling     |       |       |   194 ||   194
Throw: Stone             |    54 |    19 |       ||    73
  Use: Potion            |     1 |     3 |     2 ||     6
       Scroll            |       |     8 |     7 ||    15
  Eat: Chunk             |     1 |     8 |     8 ||    17
       Fruit             |       |       |     1 ||     1
       Pizza             |       |       |     1 ||     1
Armor: Leather armour    |     8 |       |       ||     8
       Ring mail         |    17 |    44 |       ||    61
       Chain mail        |       |    37 |    23 ||    60
       Plate armour      |       |       |    52 ||    52
Dodge: Dodged            |    55 |   109 |    29 ||   193
